 Dungeon Crawl Stone Soup version 0.16.0-8-gd9ae3a8 (webtiles) character file.

102 Palladion the Firebug (level 4, 0/30 HPs)
             Began as a Demonspawn Fire Elementalist on Mar 17, 2015.
             Slain by Sigmund
             ... wielding a +0 scythe
              (12 damage)
             ... on level 3 of the Dungeon.
             The game lasted 00:07:49 (1781 turns).

Palladion the Firebug (DsFE)                        Turns: 1781, Time: 00:07:49

Health: 0/30       AC:  2    Str:  9    XL:     4   Next: 50%
Magic:  0/8        EV: 12    Int: 17    God:
Gold:   98         SH:  0    Dex: 13    Spells: 3 memorised, 0 levels left

rFire  . . .     SeeInvis .     i - +0 spear
rCold  . . .     Clarity  .     a - +0 robe
rNeg   . . .     SustAb   .     (no shield)
rPois  .         Gourm    .     (no helmet)
rElec  .         Spirit   .     (no cloak)
rCorr  .         Warding  .     (no gloves)
rMut   .         Stasis   .     (no boots)
MR     .....                    (no amulet)
Stlth  ++........               (no ring)
                                (no ring)

@: very slightly contaminated, not resistant to hostile enchantments, unstealthy
A: powered by death 1
a: no special abilities


You were on level 3 of the Dungeon.
You were not hungry.

You visited 1 branch of the dungeon, and saw 3 of its levels.

You collected 98 gold pieces.

Inventory:

Hand weapons
 e - a +0 hand axe
 i - a +0 spear (weapon)
Missiles
 m - 18 sling bullets of flame
 n - 14 silver bolts
Armour
 a - a +0 robe (worn)
 f - a +0 buckler
Jewellery
 r - an uncursed ring of ice
Scrolls
 l - a scroll of random uselessness {unknown}
 p - 2 scrolls of identify {unknown}
 s - a scroll of magic mapping {unknown}
 t - 5 scrolls of teleportation {unknown}
 v - 2 scrolls of fog {unknown}
Potions
 d - 3 potions of curing
 h - a potion of heal wounds {unknown}
 j - a potion of brilliance {unknown}
 k - 2 potions of haste {unknown}
 o - a potion of ambrosia {unknown}
 q - a potion of flight {unknown}
 w - a potion of lignification {unknown}
Books
 b - a book of Flames

   Spells                             Type                      Level
   a - Flame Tongue                   Conjuration/Fire             1
   b - Throw Flame                    Conjuration/Fire             2
   c - Conjure Flame                  Conjuration/Fire             3
   d - Inner Flame                    Hexes/Fire                   3
   e - Sticky Flame                   Conjuration/Fire             4
   f - Fireball                       Conjuration/Fire             5
Comestibles
 c - a bread ration
 g - 2 meat rations
 u - 2 beef jerkies


   Skills:
 - Level 1.7 Dodging
 - Level 1.7 Stealth
 + Level 1.6 Shields
 + Level 2.6 Spellcasting
 + Level 2.5 Conjurations
 + Level 3.3 Fire Magic


You couldn't memorise any spells.
You knew the following spells:

 Your Spells              Type           Power        Failure   Level  Hunger
a - Flame Tongue          Conj/Fire      ##...        6%          1    #......
b - Conjure Flame         Conj/Fire      ##......     17%         3    ###....
c - Sticky Flame          Conj/Fire      ##......     58%         4    #####..


Dungeon Overview and Level Annotations

Branches:
Dungeon (3/15)

Altars:
Cheibriados

Annotations:
D:3 Sigmund


Innate Abilities, Weirdness & Mutations

You can steal the life force of nearby defeated enemies.


Message History

Unknown command.
Casting: Conjure Flame
Confirm with . or Enter, or press ? or * to list all spells.
The spell is very dangerous to cast!
Continue anyway?
Aiming: Sticky Flame
Press: ? - help, Shift-Dir - straight line You miscast Sticky Flame.
You are very lightly contaminated with residual magic.
You are caught in a violent explosion!
The explosion engulfs you!
Ouch! That really hurt!
The explosion engulfs something.
Something hits you but does no damage.
Evoke which item? (* to show all) (? for menu, Esc to quit)
Okay, then.
Casting: Sticky Flame
Confirm with . or Enter, or press ? or * to list all spells.
The spell is very dangerous to cast!
Continue anyway?
Aiming: Sticky Flame
Press: ? - help, Shift-Dir - straight line You miscast Sticky Flame.
Flames sear your flesh. Something hits you!
You die...

.# #.#.#...#.#
#.##.##...# .#
#...#.....# #'##+######
†#######.##### .....
.)...#...†..# .......
.....#.#.#### #..).....
.....#.#.†.######.......
.....#.###......#....>..
.....#..........#........
.....######.....@{...>...
.....# #.....#........
###### #.....#.......
#.....#...%...
#######....... ......
..... .... .


There were no monsters in sight!

Vanquished Creatures
  A gnoll (D:1)
  A giant mite (D:1)
  3 worms
  A giant gecko (D:1)
  7 bats
  4 goblins
  10 hobgoblins
  9 jackals
  A quokka (D:2)
  2 ball pythons
  4 giant cockroaches
  5 giant newts
  4 kobolds
  12 rats
64 creatures vanquished.

Notes
Turn   | Place    | Note
--------------------------------------------------------------
     0 | D:1      | Palladion, the Demonspawn Fire Elementalist, began the quest for the Orb.
     0 | D:1      | Reached XP level 1. HP: 13/13 MP: 3/3
   108 | D:1      | Gained mutation: You can steal the life force of nearby defeated enemies. [demonic ancestry]
   108 | D:1      | Reached XP level 2. HP: 19/19 MP: 2/4
   253 | D:1      | Reached skill level 3 in Fire Magic
   310 | D:1      | Reached XP level 3. HP: 22/24 MP: 6/6
   372 | D:1      | Reached skill level 1 in Shields
   611 | D:1      | Learned a level 3 spell: Conjure Flame
   992 | D:2      | Found a snail-covered altar of Cheibriados.
  1264 | D:3      | Reached XP level 4. HP: 27/30 MP: 8/8
  1364 | D:3      | Noticed Sigmund
  1371 | D:3      | Learned a level 4 spell: Sticky Flame
  1781 | D:3      | Slain by Sigmund

Action                   |  1- 3 |  4- 6 || total
-------------------------+-------+-------++-------
Melee: Hand axe          |    22 |       ||    22
       Spear             |    98 |    73 ||   171
 Cast: Flame Tongue      |     4 |       ||     4
       Conjure Flame     |     2 |     1 ||     3
  Use: Potion            |       |     1 ||     1
 Stab: Sleeping          |     1 |     1 ||     2
  Eat: Chunk             |     2 |     2 ||     4
